[Event "*** Titled Tuesday Blitz"]
[Site "Chess.com"]
[Date "2018.12.04"]
[Round "3"]
[White "Korchmar_Vasiliy"]
[Black "enriquetejedor"]
[Result "1-0"]
[WhiteElo "2742"]
[BlackElo "2515"]
[TimeControl "180+2"]
[EndTime "13:38:11 PST"]
[Termination "Korchmar_Vasiliy won by checkmate"]

1. d4 c5 2. d5 e6 3. Nc3 exd5 4. Nxd5 Nf6 5. Bg5 Qa5+ 6. c3 Nxd5 7. Qxd5 Nc6 8. e3 h6 9. Bh4 d6 10. Qe4+ Be7 11.
Bxe7 Nxe7 12. Nf3 Be6 13. Qxb7 Bd5 14. Qb5+ Qxb5 15. Bxb5+ Bc6 16. Bxc6+ Nxc6 17. O-O-O Ke7 18. Rd5 Rhd8 19. Rhd1 Rab8 20. g4 Ke6 21. h4 Ne7 22.
R5d2 Rd7 23. h5 f6 24. Nh4 d5 25.
Ng2 Rbd8 26. Nf4+ Ke5 27. f3 d4 28. Nd3+ Kd5 29. cxd4 cxd4 30. e4+ Kc6 31. Rc2+ Kb6 32. b4 Nc6 33. Kb2 a5 34. a3 axb4 35. axb4 Rd6 36.
Kb3 Ne5 37. Nxe5 fxe5 38. Rc5 Re6 39. Rd3 Rf8 40. Kc4 Rc6 41. Ra3 Rfc8 42. Ra5 Rxc5+ 43. Rxc5 Rf8 44. Rxe5 Rxf3 45. Re6+ Kc7 46. Kxd4 Kd7 47. Rg6 Rf7 48. Kd5 Ke7 49. b5 Kf8 50. b6 Rd7+ 51.
Kc6 Rd4 52. b7 Rc4+ 53. Kd7 Rd4+ 54. Kc7 Rc4+ 55. Rc6 Rxe4 56. b8=Q+ Kf7 57. Qb3+ Ke7 58. Qd5 Rxg4 59. Re6+ Kf7 60. Qf5+ Kg8 61. Re8# 1-0

[Event "*** Titled Tuesday Blitz"]
[Site "Chess.com"]
[Date "2018.12.04"]
[Round "3"]
[White "Jenia84"]
[Black "FranciscodelaF"]
[Result "0-1"]
[WhiteElo "2218"]
[BlackElo "2344"]
[TimeControl "180+2"]
[EndTime "13:38:11 PST"]
[Termination "FranciscodelaF won by resignation"]

1. e4 d5 2. exd5 Nf6 3. Nc3 Bg4 4. Be2 Bxe2 5. Ngxe2 Nxd5 6. O-O Nc6 7. d3 Qd7 8. Nxd5 Qxd5 9. Nc3 Qa5 10. Bd2 O-O-O 11.
Ne4 Qf5 12. Be3 e5 13. Qe2 Qg6 14. f4 f6 15. fxe5 Nxe5 16. h3 Kb8 17. Qf2 a6 18.
Rae1 Bb4 19. Re2 Rhe8 20. a3 Bf8 21. Ba7+ Ka8 22. Be3 Kb8 23. Ng3 Nc6 24. Ne4 Re6 25. b4 Rde8 26. c4 Ne5 27. Rd1 Nxd3 28. Rxd3 Rxe4 29. Ba7+ Ka8 30. Rxe4 Qxe4 31. Re3 Qb1+ 32. Kh2 Bd6+ 33. g3 Rxe3 34. Bxe3 Qa1 35. c5 Be5 36. Qd2 Qb2 37. a4 Qxd2+ 38. Bxd2 Bd4 39. Kg2 Kb8 40.
Kf3 Kc8 41. Ke4 Bg1 42. Kd5 Kd7 43. b5 c6+ 44. bxc6+ bxc6+ 45. Kc4 Bf2 46. Bf4 g5 47. Bd6 f5 48. Kd3 Ke6 49. Kc4 h5 50. Bc7 h4 51.
gxh4 Bxh4 52. Bd6 f4 53. Kd3 Kf5 54. Be7 g4 55. hxg4+ Kxg4 56. Ke2 Bxe7 0-1

[Event "*** Titled Tuesday Blitz"]
[Site "Chess.com"]
[Date "2018.12.04"]
[Round "3"]
[White "toog"]
[Black "aquaticpineapples"]
[Result "1/2-1/2"]
[WhiteElo "2197"]
[BlackElo "2042"]
[TimeControl "180+2"]
[EndTime "13:38:12 PST"]
[Termination "Game drawn by agreement"]

1. e4 e6 2. d4 d5 3. Nc3 Bb4 4. e5 c5 5. a3 Bxc3+ 6. bxc3 Ne7 7. Qg4 Qc7 8. Bd3 c4 9. Be2 O-O 10. Nf3 Nbc6 11. h4 f5 12. exf6 Rxf6 13. Bg5 Rf7 14.
Qg3 Qxg3 15. fxg3 Nf5 16. Bf4 Bd7 17. O-O Be8 18. Ng5 Rf6 19. Bg4 h6 20. Nxe6 Bf7 21. Nc5 Nd6 22. Nd7 Rg6 23. Bh5 Ne4 24. Bxg6 Bxg6 25.
Ne5 Nxe5 26. Bxe5 Nxc3 27. a4 Bxc2 28. Kf2 Ne4+ 29. Ke3 Bd3 30. Rf3 Rf8 31. Rxf8+ Kxf8 32. g4 b6 33. a5 b5 34. g5 hxg5 35. hxg5 Nxg5 36.
a6 Be4 37. Ra5 b4 38. Rb5 b3 39. Rb8+ Kf7 40. Rb7+ Kg6 41. Rxg7+ Kf5 42. g4+ Kxg4 43. Bf6 b2 44. Rxg5+ Kh3 45. Rg1 b1=Q 46. Rxb1 Bxb1 47.
Bd8 Bd3 48. Bb6 Bf1 49. Bxa7 c3 50. Bc5 Bxa6 51. Bb4 c2 52. Ba3 Kg2 53. Kd2 Kf3 54. Kxc2 Ke4 55. Bc5 Bc4 56. Kc3 Ba6 57. Kb4 Bc8 1/2-1/2

[Event "*** Titled Tuesday Blitz"]
[Site "Chess.com"]
[Date "2018.12.04"]
[Round "3"]
[White "OparinGrigoriy"]
[Black "Frolik67"]
[Result "1-0"]
[WhiteElo "2957"]
[BlackElo "2658"]
[TimeControl "180+2"]
[EndTime "13:38:14 PST"]
[Termination "OparinGrigoriy won by resignation"]

1. c4 e5 2. Nc3 Nf6 3. Nf3 Nc6 4. e3 Be7 5. Qb3 O-O 6. Be2 b6 7. O-O Bb7 8. d4 exd4 9. exd4 d5 10. cxd5 Na5 11.
Qc2 Nxd5 12. a3 Nxc3 13. bxc3 c5 14. Rd1 c4 15. d5 Rc8 16. d6 Bf6 17. Bf4 Qd7 18.
Ne5 Bxe5 19. Bxe5 Rfe8 20. Bg3 Be4 21. Qb2 Rc5 22. Re1 Nb7 23. Rad1 h6 24. h3 Bd3 25.
Bg4 Rxe1+ 26. Rxe1 f5 27. Re7 Qd8 28. Rxb7 fxg4 29. hxg4 Rd5 30. Rxa7 Qe8 31. Qd2 Kh7 32. Qe3 Qg6 33. f3 h5 34. Qf4 hxg4 35. Qxg4 Rg5 36. Qh4+ Rh5 37. d7 Rxh4 38. Bxh4 Bf1 39. Kxf1 Qb1+ 40.
Kf2 Qc2+ 41. Kg3 Qg6+ 42. Kh2 Qd6+ 43. Kh3 Qe6+ 44. g4 Qe2 45. d8=Q Qxf3+ 46. Kh2 Qe2+ 47. Kg3 Qe3+ 48. Kg2 Qe2+ 49. Bf2 Qxg4+ 50. Kf1 Qh3+ 51. Ke2 Qg4+ 52. Ke1 Qe4+ 53. Kd2 Qf4+ 54. Be3 Qh2+ 55. Kd1 Qh1+ 56. Kc2 Qe4+ 57. Kb2 Qxe3 58. Qh4+ Kg6 59.
Qg4+ Kh6 60. Qxg7+ Kh5 61. Qh7+ 1-0

[Event "*** Titled Tuesday Blitz"]
[Site "Chess.com"]
[Date "2018.12.04"]
[Round "3"]
[White "Bigfish1995"]
[Black "DeviatkinAndrey"]
[Result "1-0"]
[WhiteElo "3019"]
[BlackElo "2664"]
[TimeControl "180+2"]
[EndTime "13:38:16 PST"]
[Termination "Bigfish1995 won by resignation"]

1. e4 c6 2. Nf3 d5 3. Nc3 Bg4 4. h3 Bxf3 5. Qxf3 e6 6. Be2 Nf6 7. O-O Nbd7 8. d3 Bd6 9. g3 Qb6 10. a3 h5 11. Kh1 h4 12. g4 Qc7 13. Qe3 dxe4 14. dxe4 e5 15. Qf3 Nf8 16. Be3 Ne6 17. Rad1 O-O-O 18. Bc4 Nf4 19. Ne2 Nh7 20. Nxf4 exf4 21.
Rxd6 Qxd6 22. Bxf4 Qf6 23. e5 Qe7 24. Qe3 f6 25.
exf6 Qxe3 26. fxe3 Nxf6 27. Be6+ Nd7 28. Rd1 Rhe8 29. Bf5 Re7 30. Bg5 Rde8 31. Bxe7 Rxe7 32. Rxd7 Rxd7 33. Kg2 Kc7 34. Bxd7 Kxd7 35. Kf3 g5 36. Ke4 Ke6 37. b4 b6 38. Kd4 Kd6 39. e4 c5+ 40.
bxc5+ bxc5+ 41. Kc4 Ke5 42. Kxc5 Kxe4 43. c4 Kf3 44. Kd4 Kg3 45. Ke3 Kxh3 46. Kf3 Kh2 47. Kf2 Kh3 48. c5 Kxg4 49. c6 1-0

[Event "*** Titled Tuesday Blitz"]
[Site "Chess.com"]
[Date "2018.12.04"]
[Round "3"]
[White "Alex_Terzi"]
[Black "kleinebeer98"]
[Result "1-0"]
[WhiteElo "2466"]
[BlackElo "2672"]
[TimeControl "180+2"]
[EndTime "13:38:16 PST"]
[Termination "Alex_Terzi won by resignation"]

1. e4 e5 2. Nf3 Nc6 3. Bb5 f5 4. Bxc6 dxc6 5. Nxe5 Qd4 6. Nf3 Qxe4+ 7. Qe2 Nf6 8. d3 Qxe2+ 9. Kxe2 Bd6 10. Re1 O-O 11. Kf1 Bd7 12. Nc3 h6 13. h3 c5 14. Ne5 Be8 15.
Nc4 b5 16. Nxd6 cxd6 17. Bf4 b4 18. Ne2 Rd8 19. a3 g5 20. Bd2 a5 21. axb4 axb4 22.
Ra7 Rf7 23. Rea1 Nd5 24. Ng3 Rxa7 25. Rxa7 Bd7 26. c4 bxc3 27. bxc3 f4 28. Ne4 Bf5 29.
c4 Bxe4 30. dxe4 Nb6 31. Ba5 Rb8 32. Bxb6 Rxb6 33. Rd7 Rb4 34. Rxd6 Kg7 35. Ke2 Rxc4 36. Kf3 h5 37. e5 Rb4 38. Rc6 Kf7 39. e6+ Kf6 40.
Rxc5 Rb3+ 41. Ke2 Rb2+ 42. Ke1 Rb6 43. h4 Rxe6+ 44. Kd2 Re5 45. Rxe5 Kxe5 46. hxg5 Kf5 47. Kd3 Kxg5 48. Ke4 Kg4 49. Ke5 f3 50. g3 Kh3 51.
Kf4 Kg2 52. Ke3 1-0

[Event "*** Titled Tuesday Blitz"]
[Site "Chess.com"]
[Date "2018.12.04"]
[Round "3"]
[White "Marcus_Harvey"]
[Black "AkibaRubi"]
[Result "1/2-1/2"]
[WhiteElo "2677"]
[BlackElo "2566"]
[TimeControl "180+2"]
[EndTime "13:38:19 PST"]
[Termination "Game drawn by agreement"]

1. e4 e5 2. Nf3 Nc6 3. Bb5 d6 4.
O-O Nf6 5. d4 exd4 6. Nxd4 Bd7 7.
Re1 Be7 8. Nc3 O-O 9. Bf1 Nxd4 10. Qxd4 Bc6 11. Bg5 a5 12. Rad1 Nd7 13. Bxe7 Qxe7 14. Nd5 Bxd5 15. exd5 Qg5 16. f4 Qd8 17.
Re3 Re8 18. Rde1 Rxe3 19. Rxe3 Nf6 20. Be2 Qd7 21. Rg3 Kf8 22. Bd3 h6 23. Re3 Re8 24. c4 Rxe3 25. Qxe3 Qe7 26. Qxe7+ Kxe7 27. Kf2 Nd7 28.
Ke3 Nc5 29. Bc2 Kf6 30. b3 Na6 31. a3 g5 32. g3 Nc5 33. Kd4 b6 34. b4 Na6 35.
Kc3 gxf4 36. gxf4 Ke7 37. Kb3 axb4 38. axb4 Nb8 39. Ka4 Nd7 40. Kb5 Nf6 41. Bd1 Ne4 42. Kc6 Kd8 43. Bh5 f6 44. Bg4 Nf2 45. Bf5 Nd1 46.
c5 bxc5 47. bxc5 Ne3 48. cxd6 cxd6 49. Kxd6 Nxf5+ 50. Ke6 Ne3 51. d6 f5 52. h4 h5 53. d7 Ng2 54. Kxf5 Nxh4+ 55. Kg5 Nf3+ 56. Kxh5 Nd4 57. Kg6 Kxd7 58. Kf6 Kd6 1/2-1/2

[Event "*** Titled Tuesday Blitz"]
[Site "Chess.com"]
[Date "2018.12.04"]
[Round "3"]
[White "StanislavNovikov"]
[Black "cherryandmint"]
[Result "0-1"]
[WhiteElo "2456"]
[BlackElo "2715"]
[TimeControl "180+2"]
[EndTime "13:38:20 PST"]
[Termination "cherryandmint won on time"]

1. g3 d5 2. Bg2 Nf6 3. d3 c5 4. Nd2 Nc6 5. c3 Bg4 6. h3 Bh5 7. a3 e6 8. b4 b6 9. Bb2 Bd6 10. Ngf3 O-O 11. O-O Qc7 12. Re1 Rad8 13. Qb3 Rfe8 14.
Rac1 h6 15. Qa2 a5 16. bxc5 bxc5 17. c4 d4 18. Rb1 e5 19. Nh4 Ne7 20. Bc1 Rb8 21.
Rb5 a4 22. Ne4 Nxe4 23. Bxe4 Qd7 24. g4 Bg6 25. Nxg6 Nxg6 26. Bd2 Nh4 27. Reb1 Rec8 28. Qb2 Ng6 29. Bf5 Qd8 30. Bxc8 Rxc8 31. Qc1 Qh4 32.
Qf1 h5 33. Qg2 e4 34. Rb6 Bc7 35. Rb7 exd3 36. exd3 Qf6 37. Qe4 hxg4 38. hxg4 Bd6 39. Rd7 Bf8 40. Rbb7 Ne5 41. g5 Qe6 42. Rxf7 Re8 43. g6 Qh3 44. Bg5 Qh5 45. Bd2 Qd1+ 46. Kh2 Qxd2 47. Qd5 Qh6+ 48. Kg2 Qxg6+ 49. Kh1 Nxf7 0-1

[Event "*** Titled Tuesday Blitz"]
[Site "Chess.com"]
[Date "2018.12.04"]
[Round "3"]
[White "ASVZ"]
[Black "artichaud"]
[Result "1-0"]
[WhiteElo "2275"]
[BlackElo "2123"]
[TimeControl "180+2"]
[EndTime "13:38:27 PST"]
[Termination "ASVZ won on time"]

1. e4 e6 2. d4 d5 3. Bd3 c5 4.
exd5 exd5 5. Nf3 c4 6. Be2 Bd6 7. b3 cxb3 8. axb3 Ne7 9. c4 O-O 10. O-O Nbc6 11. Nc3 a6 12. Be3 Bf5 13. Qd2 Re8 14.
Rfe1 Bg6 15. Nh4 Nb4 16. Nxg6 hxg6 17. Bf3 Rc8 18. c5 Bc7 19. g3 Nf5 20. Bg5 Qd7 21.
Ne2 a5 22. Bf4 Qb5 23. Bxc7 Rxc7 24. Nf4 Rd8 25. Be2 Qd7 26. Rxa5 Nc6 27. Ra4 Re8 28. Bb5 Rxe1+ 29. Qxe1 Qd8 30. Bxc6 bxc6 31. Nd3 Re7 32. Qa5 Qxa5 33. Rxa5 Nxd4 34. Ra8+ Kh7 35. Rc8 Re2 36. Nb4 Rb2 37. Nxc6 Nxc6 38. Rxc6 Rxb3 39. Rc7 Rc3 40. h4 f5 41. Kg2 d4 42. c6 d3 43. Kf3 Rc2 44.
Ke3 d2 45. Ke2 d1=Q+ 46. Kxd1 Rxf2 47. Rd7 Rf3 48. Kd2 Rf2+ 49. Kc3 Rf1 50. c7 Rc1+ 51. Kb4 g5 52. hxg5 Kg6 53. Kb5 Rb1+ 54. Kc6 Rc1+ 55. Kd6 Kxg5 56. Rxg7+ Kf6 57. Rg8 Rd1+ 58. Kc6 Rc1+ 59.
Kb6 Rb1+ 60. Ka5 Ra1+ 61. Kb4 Rc1 62. c8=Q 1-0

[Event "*** Titled Tuesday Blitz"]
[Site "Chess.com"]
[Date "2018.12.04"]
[Round "3"]
[White "hansen"]
[Black "SmoothAsAHedgehog"]
[Result "0-1"]
[WhiteElo "2776"]
[BlackElo "2560"]
[TimeControl "180+2"]
[EndTime "13:38:33 PST"]
[Termination "SmoothAsAHedgehog won by resignation"]

1. e4 e5 2. Nf3 Nc6 3. Bb5 a6 4. Ba4 Nf6 5. O-O Be7 6. Re1 b5 7. Bb3 d6 8. c3 O-O 9. h3 Nb8 10. d4 Nbd7 11. Nbd2 Bb7 12. Bc2 Re8 13. Nf1 Bf8 14.
Ng3 g6 15. a4 Bg7 16. Bd3 c6 17. Bg5 h6 18. Be3 Qc7 19. Qc1 Kh7 20. c4 exd4 21. Bxd4 c5 22. Bxf6 Nxf6 23. axb5 axb5 24. Rxa8 Bxa8 25.
cxb5 Nd7 26. b3 Ne5 27. Nxe5 Bxe5 28. Nf1 Bd4 29. Nd2 Qd8 30. Nf3 Bf6 31. Qf4 Kg7 32. Bc4 Qd7 33. h4 Qe7 34. h5 g5 35. Qf5 Bxe4 36.
Qg4 Qb7 37. Qg3 d5 38. Bf1 Re7 39. Nd2 Bh7 40. Rxe7 Qxe7 41. b6 Be5 42. Qe3 Qd6 43. Nf3 Bf4 44. Qc3+ d4 45. Qa5 Be4 46. Be2 g4 47. Nh4 g3 48. Bf3 gxf2+ 49. Kf1 Bd3+ 50. Be2 Bxe2+ 51. Kxe2 Qe7+ 52. Kf3 Qxh4 0-1

[Event "*** Titled Tuesday Blitz"]
[Site "Chess.com"]
[Date "2018.12.04"]
[Round "3"]
[White "Guenplen"]
[Black "eldur16"]
[Result "1/2-1/2"]
[WhiteElo "2817"]
[BlackElo "2647"]
[TimeControl "180+2"]
[EndTime "13:38:38 PST"]
[Termination "Game drawn by agreement"]

1. d4 Nf6 2. Bf4 g6 3. Nf3 Bg7 4. c3 d6 5. h3 O-O 6. Nbd2 b6 7. e3 Bb7 8. Bh2 c5 9. Be2 Nbd7 10. O-O Qc7 11. a4 a6 12. Bd3 e5 13. dxe5 Nxe5 14. Nxe5 dxe5 15. Qe2 Rfe8 16. Rfd1 Qc6 17. e4 Nh5 18.
Bc4 Nf4 19. Bxf4 exf4 20. Qf3 Qc7 21. Bd5 g5 22. Nc4 Red8 23. Bxb7 Qxb7 24. Rd5 b5 25. axb5 axb5 26. Rxa8 Qxa8 27. Nb6 Qa1+ 28. Kh2 Rxd5 29.
exd5 Bf8 30. Nd7 Qxb2 31. Nxf8 Kxf8 32. d6 Qd2 33. Qa8+ Kg7 34. Qd8 h6 35. f3 b4 36.
cxb4 cxb4 37. d7 b3 38. Qe7 b2 39. Qe5+ Kg8 40. Qe8+ Kg7 41. Qe5+ Kg8 42. Qe8+ Kg7 43. Qe5+ Kg6 44. Qe4+ Kf6 45. Qe8 b1=Q 46. d8=Q+ Qxd8 47. Qxd8+ Kg7 48. Qd4+ Kh7 49. Qf6 Qg6 50. Qe5 Qe6 51.
Qd4 h5 52. Qd3+ Kh6 53. Qd8 Qe5 54. Qg8 Qf6 55. Qf8+ Kh7 56. Qc8 Kg7 57. Qd7 Qe5 58. Qd8 Qc5 1/2-1/2

[Event "*** Titled Tuesday Blitz"]
[Site "Chess.com"]
[Date "2018.12.04"]
[Round "3"]
[White "AndrBaryshpolets"]
[Black "ShadowJolteon"]
[Result "1-0"]
[WhiteElo "2569"]
[BlackElo "2410"]
[TimeControl "180+2"]
[EndTime "13:38:42 PST"]
[Termination "AndrBaryshpolets won by resignation"]

1. d4 Nf6 2. c4 e6 3. Nf3 b6 4. a3 Bb7 5. Nc3 d5 6. cxd5 Nxd5 7.
Qc2 Be7 8. Bd2 O-O 9. e4 Nxc3 10.
Bxc3 Nd7 11. Rd1 Rc8 12. Be2 c5 13. d5 exd5 14. exd5 Bf6 15. O-O Bxc3 16. bxc3 c4 17. a4 Rc5 18. d6 Nf6 19. Rd4 Bd5 20. Rfd1 Qxd6 21. Bxc4 Qc6 22. Ne5 Qb7 23. Bxd5 Nxd5 24. Qe4 f5 25. Qf3 Rxc3 26. Qxd5+ Qxd5 27. Rxd5 Ra3 28. R5d4 Re8 29. Nc6 a5 30. h4 Re2 31. Rb1 Raa2 32. Rf4 g6 33. Rxb6 Re4 34. Rxe4 fxe4 35. Nxa5 Rxa4 36. Nb7 Kg7 37. Nc5 Rc4 38. Rc6 Kh6 39.
g3 Kh5 40. Kf1 Kg4 41. Ke2 Rc2+ 42. Ke3 h5 43. Rxg6+ Kf5 44. Rg5+ Kf6 45. Nxe4+ Ke6 46. Kf4 Ra2 47. f3 Ra4 48. Rxh5 Ra3 49. g4 Ra4 50. Rh6+ Kf7 51. h5 Rb4 52. Rg6 Kf8 53. h6 Kf7 54. Rg7+ Kf8 55. g5 Rb5 56. Kg4 Rb4 57. Kf5 Rb1 58.
f4 Rb5+ 59. Kg4 Rb6 60. Nf6 Rb4 61. Nh5 Rb1 62. h7 Rg1+ 63. Kf5 1-0

[Event "*** Titled Tuesday Blitz"]
[Site "Chess.com"]
[Date "2018.12.04"]
[Round "3"]
[White "BvsN"]
[Black "1stSecond"]
[Result "0-1"]
[WhiteElo "2291"]
[BlackElo "2622"]
[TimeControl "180+2"]
[EndTime "13:38:42 PST"]
[Termination "1stSecond won by resignation"]

1. d4 Nf6 2. c4 e6 3. Nc3 Bb4 4. f3 c5 5. d5 b5 6. e4 O-O 7.
Ne2 Re8 8. Ng3 Bb7 9. Bd2 bxc4 10. dxe6 fxe6 11. Bxc4 d5 12. Bb5 Nfd7 13. O-O a6 14.
Ba4 c4 15. exd5 exd5 16. Nf5 Qf6 17. Bc2 Bc5+ 18. Kh1 Ne5 19. Bf4 d4 20. Na4 Ba7 21. Bxe5 Qxe5 22. Re1 Qxe1+ 23. Qxe1 Rxe1+ 24. Rxe1 Nc6 25. Nd6 Nb4 26. Bd1 Bd5 27. Re7 Nd3 28. Kg1 g6 29.
Kf1 Nf4 30. g3 Ne6 31. Nc8 Rxc8 32. Rxa7 c3 33. bxc3 dxc3 34. Bc2 Nd4 35. Nb6 Rd8 36.
Nxd5 Rxd5 37. Ra8+ Kg7 38. Be4 Rc5 39. Rd8 c2 40. Rd7+ Kh6 41. Bxc2 Nxc2 42. Ra7 Ra5 43. Rc7 Rxa2 44. h4 Ne3+ 45. Kg1 Nf5 46. h5 Nxg3 47.
hxg6 hxg6 48. f4 Ne2+ 49. Kh1 Nxf4 50. Ra7 g5 51. Rb7 Kh5 52. Ra7 Kh4 53. Rb7 Kg4 54.
Rc7 a5 55. Rd7 a4 56. Rc7 a3 57. Rb7 Rb2 58. Ra7 a2 59. Ra8 Nd3 60. Ra4+ Kg3 0-1

[Event "*** Titled Tuesday Blitz"]
[Site "Chess.com"]
[Date "2018.12.04"]
[Round "3"]
[White "Zarikovs1999"]
[Black "Squirlolz"]
[Result "1-0"]
[WhiteElo "2358"]
[BlackElo "2466"]
[TimeControl "180+2"]
[EndTime "13:38:43 PST"]
[Termination "Zarikovs1999 won by checkmate"]

1. Nf3 g6 2. g3 Bg7 3. Bg2 e5 4. O-O Ne7 5. c4 O-O 6. Nc3 c6 7. d4 d6 8. dxe5 dxe5 9. Qxd8 Rxd8 10. Be3 Be6 11. Rfd1 Nd7 12. b3 Nf5 13. Rac1 Nxe3 14. fxe3 Nc5 15. Kf2 a5 16. Ng5 a4 17. Nxe6 Nxe6 18. b4 f5 19. a3 e4 20. Nb1 Bb2 21.
Rxd8+ Rxd8 22. Rc2 Be5 23. Ke1 h5 24. Rd2 Rxd2 25.
Kxd2 Kf7 26. Nc3 Bxc3+ 27. Kxc3 c5 28. bxc5 Nxc5 29. Kb4 Nd7 30. Kxa4 Ne5 31. Kb5 Ng4 32. c5 Ke6 33. c6 bxc6+ 34. Kxc6 Nxe3 35. a4 Nc4 36. Kc5 Na5 37. h3 Ke5 38. e3 g5 39. Kb5 Nb7 40. Kb6 Nd6 41. Kc5 h4 42. gxh4 gxh4 43. Bf1 Nb7+ 44. Kb6 Nd6 45. Kc5 Nb7+ 46.
Kb6 Nd6 47. Kc6 Nc8 48. Kc7 Na7 49. a5 f4 50. exf4+ Kxf4 51. Kb7 Ke3 52. Kxa7 Kf2 53. Bc4 Kg2 54. Bd5 Kxh3 55. Bxe4 Kh2 56. a6 h3 57. Kb6 Kg3 58. a7 h2 59. a8=Q Kf2 60. Bh1 Kg1 61.
Qg2# 1-0

[Event "*** Titled Tuesday Blitz"]
[Site "Chess.com"]
[Date "2018.12.04"]
[Round "3"]
[White "ckgchess"]
[Black "Fighterman91"]
[Result "1/2-1/2"]
[WhiteElo "2586"]
[BlackElo "2613"]
[TimeControl "180+2"]
[EndTime "13:38:44 PST"]
[Termination "Game drawn by repetition"]

1. e4 c5 2. Nf3 d6 3. d4 cxd4 4.
Nxd4 Nf6 5. Nc3 a6 6. Bg5 e6 7. f4 h6 8. Bh4 Qb6 9. a3 Be7 10.
Bf2 Qc7 11. Qf3 Nbd7 12. O-O-O b5 13. g4 Bb7 14. h4 Nc5 15. Bd3 h5 16. g5 Ng4 17. g6 fxg6 18. Rhg1 O-O-O 19. b4 Nxd3+ 20. Rxd3 Qd7 21. a4 d5 22. axb5 dxe4 23. Nxe4 Nxf2 24. Rc3+ Kb8 25. Nc6+ Bxc6 26. bxc6 Qc7 27. Qxf2 Bxb4 28. Rb3 a5 29. Rg5 Rd5 30. c3 Qxc6 31. Kb2 Rc8 32.
Rxd5 exd5 33. Nd2 Ka8 34. Nb1 Bc5 35. Qe2 a4 36. Rb5 Rb8 37. Rxb8+ Kxb8 38. Qe5+ Bd6 39. Qxg7 Qb5+ 40. Kc1 Bxf4+ 41. Nd2 Bxd2+ 42. Kxd2 Qb2+ 43. Kd3 a3 44. Qf8+ Kc7 45. Qe7+ Kc6 46. Qe6+ Kc5 47. Qe7+ Kb5 48. Qb7+ Ka4 49. Qa8+ Kb5 50. Qb7+ Kc5 51.
Qc7+ Kb5 52. Qb7+ Kc5 53. Qc7+ Kb5 54. Qb7+ Ka4 55. Qa8+ Kb5 56. Qb7+ 1/2-1/2

[Event "*** Titled Tuesday Blitz"]
[Site "Chess.com"]
[Date "2018.12.04"]
[Round "3"]
[White "Pilopa"]
[Black "akretchetov"]
[Result "0-1"]
[WhiteElo "2429"]
[BlackElo "2362"]
[TimeControl "180+2"]
[EndTime "13:38:48 PST"]
[Termination "akretchetov won on time"]

1. d4 Nf6 2. c4 e6 3. Nf3 d5 4. g3 Bb4+ 5. Bd2 Be7 6. Bg2 O-O 7.
O-O c6 8. Qc2 b6 9. Bf4 Ba6 10.
cxd5 cxd5 11. Rc1 Bd6 12. Ne5 Qe7 13. Nc3 Rc8 14. Qa4 Bb7 15. Nb5 Bxe5 16. dxe5 Ne8 17.
Nd6 Nxd6 18. exd6 Qd7 19. Rxc8+ Bxc8 20. Rc1 Na6 21. Qc6 Qxc6 22. Rxc6 Bd7 23. Rc1 Rc8 24. Rxc8+ Bxc8 25. e4 dxe4 26. Bxe4 Nc5 27. Bc6 Bd7 28.
Bf3 Nd3 29. Be3 Nxb2 30. Be2 Na4 31. Bd4 Nc5 32. Bxc5 bxc5 33. f4 Bc6 34. Kf2 Kf8 35.
Ke3 Ke8 36. Bd3 g6 37. h4 Kd7 38. h5 Kxd6 39. h6 Bd5 40. a3 a5 41. g4 f5 42. g5 e5 43. Bc2 Be6 44. Kf3 c4 45.
Ke3 Bd5 46. Bb1 Ke6 47. Bc2 c3 48. Ba4 Be4 49. Bb3+ Kd6 50. Bg8 exf4+ 51. Ke2 f3+ 52. Ke3 f2 53. Bc4 c2 0-1

[Event "*** Titled Tuesday Blitz"]
[Site "Chess.com"]
[Date "2018.12.04"]
[Round "3"]
[White "MerdeNoms943"]
[Black "Albertu"]
[Result "1-0"]
[WhiteElo "2310"]
[BlackElo "2370"]
[TimeControl "180+2"]
[EndTime "13:38:48 PST"]
[Termination "MerdeNoms943 won by checkmate"]

1. e4 c5 2. Nf3 d6 3. d4 cxd4 4. Nxd4 Nf6 5. Nc3 a6 6. Bg5 e6 7. f4 h6 8. Bh4 Qb6 9. Qd2 Qxb2 10. Nb3 Qa3 11. Bd3 Nc6 12. O-O Be7 13. Rae1 b5 14. e5 dxe5 15. fxe5 Nd7 16. Bxe7 Qxe7 17. Ne4 Ncxe5 18. Nd4 Bb7 19. Qf4 O-O 20. Ng3 Nxd3 21. cxd3 Rac8 22. Ndf5 Qc5+ 23. d4 Qb6 24. Ne7+ Kh8 25.
Nxc8 Bxc8 26. Kh1 Bb7 27. Nh5 Qc6 28. Qg3 g6 29. Nf4 Kh7 30. Rc1 Qe4 31. Rc7 Nf6 32.
Nxe6 Qxe6 33. Rxb7 Ne4 34. Qf4 Qd5 35. Rxf7+ Rxf7 36. Qxf7+ Qxf7 37. Rxf7+ Kg8 38. Re7 Nc3 39. Ra7 Nxa2 40.
Rxa6 Nc3 41. Rb6 Kh7 42. Kg1 Ne2+ 43. Kf2 Nxd4 44. Ke3 Nf5+ 45. Kf4 Nd4 46. Ke4 Nf5 47.
g4 Ng7 48. Rxb5 Ne6 49. h4 Kg7 50. Ke5 Nf8 51. Rb7+ Kg8 52. Kf6 h5 53. g5 Kh8 54.
Rb8 Kh7 55. Rd8 Kh8 56. Rxf8+ Kh7 57. Rf7+ Kh8 58. Kxg6 Kg8 59. Rf6 Kh8 60. Rf8# 1-0

[Event "*** Titled Tuesday Blitz"]
[Site "Chess.com"]
[Date "2018.12.04"]
[Round "3"]
[White "Evgeny81"]
[Black "Rikikits"]
[Result "1-0"]
[WhiteElo "2653"]
[BlackElo "2709"]
[TimeControl "180+2"]
[EndTime "13:38:52 PST"]
[Termination "Evgeny81 won on time"]

1. Nf3 g6 2. c4 Bg7 3. Nc3 e5 4.
d4 exd4 5. Nxd4 Nc6 6. Nxc6 bxc6 7.
g3 h5 8. Bg2 h4 9. Bf4 Rb8 10.
Qd2 Ne7 11. Rc1 d6 12. Bg5 f6 13. Be3 Be6 14. Bxa7 Rb7 15. Bd4 Qd7 16. Ne4 O-O 17.
O-O Bh3 18. Bc3 Bxg2 19. Kxg2 Qe6 20. f3 hxg3 21. hxg3 Nf5 22. g4 Nh4+ 23. Kf2 Qe7 24. Rh1 g5 25. Ng3 f5 26. Rxh4 gxh4 27. Nxf5 Rxf5 28.
gxf5 Bxc3 29. Qxc3 Kf7 30. Qh8 Qf6 31. Qh7+ Ke8 32.
Rc3 Rxb2 33. Re3+ Kf8 34. Re6 Qd4+ 35. Kg2 Qg7+ 36. Qxg7+ Kxg7 37. Kh3 Rxa2 38. e4 Kf7 39. Kxh4 Rc2 40. Rh6 Rxc4 41. Kg5 Rc1 42. Rh7+ Ke8 43. Rxc7 Kd8 44. Ra7 c5 45. f6 Rg1+ 46. Kf5 Rf1 47. f4 Ke8 48. Ke6 Kd8 49. f7 Rxf4 50. Ra8+ Kc7 51.
f8=Q Rxe4+ 52. Kf5 Re5+ 53. Kf4 Rd5 54. Qc8+ 1-0

[Event "*** Titled Tuesday Blitz"]
[Site "Chess.com"]
[Date "2018.12.04"]
[Round "3"]
[White "GMG"]
[Black "Sigurbjorn"]
[Result "1-0"]
[WhiteElo "2677"]
[BlackElo "2503"]
[TimeControl "180+2"]
[EndTime "13:39:02 PST"]
[Termination "GMG won by resignation"]

1. d4 Nf6 2. Bf4 g6 3. Nc3 Bg7 4. e4 d6 5. Nf3 O-O 6. Qd2 Nbd7 7. O-O-O c6 8. e5 Ne8 9. Bh6 Qa5 10. Bxg7 Kxg7 11. Qf4 Nc7 12. exd6 exd6 13. Qxd6 Nf6 14. Qe5 Nd5 15. Nxd5 cxd5 16. Kb1 Re8 17. Qf4 Re4 18. Qd2 Qxd2 19. Rxd2 Bg4 20. Be2 Rae8 21. Bd1 Bxf3 22. Bxf3 Re1+ 23. Rxe1 Rxe1+ 24. Rd1 Re6 25. Kc1 Ne4 26.
Bxe4 Rxe4 27. c3 Re2 28. Rd2 Re1+ 29. Kc2 Kf6 30. h4 Ke6 31. Kd3 Kd6 32. g3 Rf1 33.
Ke3 Re1+ 34. Re2 Rb1 35. Kf4 f6 36. h5 Rh1 37. hxg6 hxg6 38. g4 Rg1 39. f3 Rb1 40.
Rh2 Ke6 41. Re2+ Kd6 42. g5 fxg5+ 43. Kxg5 Rf1 44. Kf4 Rg1 45. Rh2 Ke6 46. Rh7 g5+ 47.
Ke3 Re1+ 48. Kd3 Ra1 49. a3 Rd1+ 50. Ke2 Rb1 51. Rxb7 a6 52. a4 Kf5 53. a5 Ra1 54. b4 Ra2+ 55. Ke3 Rc2 56. Rc7 Rc1 57. Rc5 Ke6 58. Rc6+ Kf5 59. Rxa6 Rxc3+ 60. Ke2 Rc4 61.
Rb6 Rxd4 62. a6 Rc4 63. a7 Rc2+ 64. Kd3 Ra2 65. Rb7 Ke5 66. b5 Ra3+ 67. Kc2 d4 68. b6 d3+ 69. Kd2 Kd4 70. Rd7+ Kc4 71. b7 Ra2+ 72. Ke1 Rxa7 73. b8=Q Rxd7 74. Qc8+ 1-0

[Event "*** Titled Tuesday Blitz"]
[Site "Chess.com"]
[Date "2018.12.04"]
[Round "3"]
[White "burbur555"]
[Black "ChainsOfFantasia"]
[Result "1-0"]
[WhiteElo "2557"]
[BlackElo "2359"]
[TimeControl "180+2"]
[EndTime "13:39:04 PST"]
[Termination "burbur555 won by resignation"]

1. d4 Nf6 2. g3 e6 3. Bg2 d5 4. Nf3 Be7 5. c4 O-O 6. O-O dxc4 7. Qc2 a6 8. a4 c5 9. Qxc4 b5 10. Qc2 Bb7 11. dxc5 Be4 12. Qc3 Nd5 13. Qd4 Bxb1 14.
Rxb1 Nc6 15. Qd1 Bxc5 16. Qc2 Qb6 17. Ng5 Nf6 18. a5 Qa7 19. b3 Rac8 20. Bb2 Nd4 21.
Qd3 h6 22. b4 hxg5 23. bxc5 Rfd8 24. Bxd4 e5 25. c6 Rxd4 26. Qf5 Qc7 27. Qxg5 e4 28. Rfc1 Qxa5 29. Qe5 Rd5 30. Qf4 Qd2 31. Qxd2 Rxd2 32. f3 Rd6 33. c7 Rd7 34. Bh3 Rcxc7 35. Bxd7 Rxd7 36. Rd1 Rb7 37. Ra1 Rb6 38. Ra5 b4 39. Rb1 Kh7 40. Kf2 exf3 41. exf3 Nd7 42. Ke3 f6 43. f4 Nb8 44. Rd5 Rb7 45. Rc5 Rb6 46.
Rd1 b3 47. Rb1 Nc6 48. Rc3 Na5 49. Rc5 Nc6 50. Rc3 Na5 51. Ra1 Rb5 52. Kd3 Nc6 53.
Rb1 Nb4+ 54. Kc4 Rb8 55. Rcxb3 a5 56. R3b2 Kg6 57. g4 Re8 58. Kb5 Re4 59. Rf1 Nd3 60.
Rb3 Nxf4 61. h3 Rb4+ 62. Rxb4 axb4 63. Rxf4 Kg5 64. Rf3 g6 65. Kxb4 f5 66. gxf5 gxf5 67.
Kc4 1-0